Map: Galactic Process LE

Players

Spit - Winner!

  • Race: Zerg Zerg
  • League: Grandmaster
  • Spawn Location: 7:00

DarK

  • Race: Terran Terran
  • League: Grandmaster
  • Spawn Location: 1:00

VOD

Have the link to the VOD?

Description

Time

  • Played on: Nov. 14, 2016, 11:36 a.m.
  • Length: 10:56
Show
View Real Time Build Order
Export as new Build Order

Spit Zerg - Winner!

Build Orders: Pool First 

Get SALT Encoding   

  12  0:01  Drone  
  13  0:12  Overlord  
  13  0:17  Drone  
  14  0:31  Drone x2  
  14  0:35  Drone  
  17  0:44  Extractor  
  17  0:47  Spawning Pool  
  15  0:50  Drone  
  15  0:56  Drone  
  17  1:07  Drone  
  18  1:21  Hatchery  
  18  1:25  Drone  
  18  1:35  Queen  
  18  1:39  Drone  
  21  1:43  Drone  
  22  1:49  Metabolic Boost  
  22  1:55  Zergling x2, Extractor  
  22  2:01  Overlord  
  23  2:19  Queen  
  23  2:20  Zergling x2  
  26  2:25  Zergling x2  
  27  2:33  Zergling x2  
  27  2:34  Zergling x2  
  28  2:46  Queen  
  28  2:48  Zergling x4  
  32  2:54  Queen  
  32  2:55  Overlord  
  32  2:56  Zergling x2  
  35  3:05  Zergling x2  
  35  3:15  Zergling x4  
  35  3:16  Zergling x2  
  36  3:24  Queen  
  38  3:30  Queen  
  39  3:35  Zergling x8  
  38  3:45  Zergling x4  
  39  3:53  Drone x3  
  42  4:03  Drone x2  
  42  4:09  Drone  
  44  4:14  Overlord  
  43  4:20  Hatchery  
  42  4:30  Drone x2  
  44  4:34  Drone  
  44  4:35  Drone x3  
  48  4:40  Overlord  
  48  4:49  Drone x3  
  48  4:50  Zergling x2  
  50  4:55  Zergling x4  
  50  4:58  Overlord  
  49  5:02  Zergling x2  
  50  5:13  Drone x3  
  53  5:25  Zergling x2  
  53  5:26  Zergling x6  
  53  5:27  Queen x2  
  60  5:34  Zergling x2  
  60  5:35  Drone x2  
  63  5:39  Roach Warren, Extractor  
  61  5:47  Zergling x4  
  61  5:49  Drone x5  
  68  6:02  Extractor  
  68  6:03  Extractor  
  66  6:04  Evolution Chamber  
  64  6:14  Drone x6  
  64  6:17  Drone  
  71  6:22  Lair  
  71  6:32  Drone x2  
  73  6:33  Overlord x3  
  73  6:36  Zerg Ground Armor Level 1  
  73  6:37  Overlord  
  73  6:49  Overlord  
  73  7:02  Overlord  
  73  7:04  Drone  
  73  7:05  Drone x10  
  84  7:09  Evolution Chamber  
  81  7:17  Drone x8  
  88  7:38  Roach x5  
  88  7:42  Overlord  
  88  7:43  Overlord  
  95  7:44  Glial Reconstitution, Zerg Missile Weapons Level 1  
  95  7:47  Extractor  
  95  7:49  Roach x4, Extractor  
  101  8:00  Roach x3  
  101  8:04  Spore Crawler  
  106  8:07  Infestation Pit  
  109  8:12  Roach  
  109  8:13  Roach x4  
  109  8:15  Ravager x2  
  109  8:16  Ravager x2  
  119  8:30  Hatchery  
  119  8:32  Roach x2  
  119  8:33  Roach x5  
  132  8:40  Roach  
  134  8:44  Overseer  
  134  8:46  Pneumatized Carapace  
  134  8:47  Roach  
  136  8:49  Overlord x3  
  136  8:51  Overlord  
  136  8:55  Overlord  
  136  9:03  Overlord x2  
  136  9:10  Roach  
  136  9:11  Roach x6  
  136  9:13  Overlord x2  
  136  9:14  Pathogen Glands  
  150  9:27  Ravager x4  
  150  9:29  Hive  
  154  9:44  Roach  
  154  9:45  Roach x8  
  168  9:55  Roach x5  
  168  9:59  Roach x2  
  176  10:03  Overlord  
  176  10:26  Extractor  
  176  10:27  Extractor  
  174  10:32  Spire, Drone x2  
  174  10:33  Drone x4  
Show
View Real Time Build Order
Export as new Build Order

DarK Terran 

Build Orders:  

Get SALT Encoding   

  12  0:00  SCV  
  13  0:12  SCV  
  14  0:18  Supply Depot  
  14  0:24  SCV  
  15  0:40  SCV  
  15  0:41  Barracks  
  16  0:44  Refinery  
  16  0:52  SCV  
  17  1:00  Barracks  
  17  1:05  SCV  
  18  1:17  Barracks  
  18  1:28  Reaper  
  19  1:35  Orbital Command  
  19  1:41  Refinery  
  19  1:47  Reaper  
  20  1:54  Supply Depot  
  20  2:01  SCV  
  20  2:07  Reaper  
  22  2:13  SCV  
  23  2:20  Reaper  
  24  2:25  SCV, Reaper  
  26  2:39  Reaper  
  27  2:54  Command Center  
  27  2:58  Reaper x2  
  29  3:17  Reaper  
  30  3:20  SCV  
  31  3:35  Reaper  
  30  3:44  Reaper  
  30  3:49  Reaper  
  30  3:50  Command Center  
  31  4:07  Reaper  
  31  4:14  Supply Depot  
  31  4:15  Barracks  
  31  4:17  Barracks  
  31  4:19  SCV, Reaper  
  31  4:21  Reaper  
  34  4:31  SCV  
  34  4:33  Orbital Command  
  34  4:37  Bunker  
  33  4:57  Barracks Tech Lab x2  
  33  5:01  SCV  
  33  5:02  SCV  
  33  5:03  Barracks Reactor  
  33  5:04  Barracks Reactor  
  33  5:05  Barracks Reactor  
  34  5:11  Orbital Command  
  34  5:27  Marine  
  34  5:28  Marauder  
  37  5:30  SCV  
  37  5:33  SCV  
  39  5:37  Stimpack  
  39  5:41  Marine x2  
  39  5:42  SCV  
  42  5:45  SCV, Marine  
  42  5:46  SCV  
  42  5:49  Marine x2  
  47  5:58  Marine x2  
  47  6:00  Marine x2  
  51  6:06  Marine x3  
  54  6:12  Factory  
  54  6:17  Marine x3  
  54  6:18  Marine x2  
  59  6:24  Marine  
  60  6:26  Marine  
  60  6:27  Marine  
  60  6:29  SCV x2  
  64  6:35  Marine, Supply Depot  
  64  6:37  SCV, Supply Depot  
  66  6:41  SCV  
  66  6:43  Marine  
  66  6:44  Marine  
  66  6:46  Marine x2  
  66  6:47  Marine x2  
  70  6:50  Combat Shield  
  72  6:57  Marine x2  
  72  7:01  Marine  
  72  7:04  Factory Reactor  
  72  7:06  Starport  
  72  7:12  Marine x4  
  76  7:19  Marauder, Marine  
  76  7:22  Marine  
  77  7:23  Marauder  
  80  7:30  Marine x4  
  84  7:37  SCV x3  
  84  7:40  Marauder  
  88  7:49  SCV x2, Marauder  
  92  8:06  Orbital Command, Supply Depot  
  92  8:08  Supply Depot x3  
  92  8:27  Medivac x2  
  92  8:28  Marauder x2  
  92  8:30  Supply Depot, Refinery  
  92  8:31  Refinery  
  99  8:37  Marine x3  
  99  8:39  SCV x3  
  104  8:49  Marauder x2  
  104  8:51  SCV x3  
  104  8:55  Engineering Bay  
  111  8:56  Engineering Bay  
  111  9:03  SCV x3  
  111  9:05  Marine  
  111  9:09  Marine x2  
  117  9:11  Marauder x2  
  117  9:15  SCV x3  
  117  9:16  Marine x3  
  127  9:23  Marine  
  128  9:30  Medivac x2  
  128  9:31  Marine  
  133  9:34  Marine x2  
  135  9:51  Marauder, Marine  
  135  9:52  Marauder, Marine  
  126  9:53  Marine  
  118  10:00  Medivac x2  
  118  10:05  Marine x3  
  119  10:12  Marauder  
  119  10:13  Marauder, Marine  
  124  10:19  Unknown  
  118  10:23  Marine x2  
  111  10:34  Marauder, Marine  
  111  10:35  Marine x3  
Tags
 
Add a new tag
Caveats
  • Supply blocks, unpowered buildings, or Contaminate may cause inaccurate times.
  • Supply counts are checked every 10 seconds.